 Dungeon Crawl Stone Soup version 0.20.1-1-g8b1a95d (webtiles) character file.

35 Monsterracer the Insei (level 3, 0/26 HPs)
             Began as a Merfolk Transmuter on Aug 11, 2017.
             Succumbed to an adder's poison
             ... on level 2 of the Dungeon.
             The game lasted 00:01:57 (1030 turns).

Monsterracer the Insei (Merfolk Transmuter)         Turns: 1030, Time: 00:01:58

Health: 0/26       AC:  2    Str:  8 (10) XL:     3   Next: 35%
Magic:  4/6        EV: 12    Int: 12 (13) God:
Gold:   35         SH:  0    Dex: 11 (14) Spells: 3/6 levels left

rFire    . . .     SeeInvis .     - Unarmed
rCold    . . .     Gourm    .   (no shield)
rNeg     . . .     Faith    .   b - +0 robe
rPois    .         Spirit   .   (no helmet)
rElec    .         Reflect  .   (no cloak)
rCorr    .         Harm     .   (no gloves)
MR       .....                  (no boots)
Stlth    +.........             (no amulet)
Regen    0.1/turn               (no ring)
MPRegen  0.1/turn               (no ring)

@: lethally poisoned (0 -> -1)
A: change form in water, swift swim, stealthy swim
a: no special abilities


You were on level 2 of the Dungeon.
You were hungry.

You visited 1 branch of the dungeon, and saw 2 of its levels.

You collected 35 gold pieces.

Inventory:

Missiles
 a - 33 arrows
Armour
 b - a +0 robe (worn)
Scrolls
 e - a scroll of fog {unknown}
 f - a scroll of enchant weapon {unknown}
 g - a scroll of random uselessness {unknown}
 i - a scroll of remove curse {unknown}
 j - a scroll of identify {unknown}
Books
 c - a book of Changes

   Spells                             Type                      Level
   a - Beastly Appendage              Transmutation                1
   b - Sticks to Snakes               Transmutation                2
   c - Spider Form                    Transmutation/Poison         3
   d - Ice Form                       Ice/Transmutation            4
   e - Blade Hands                    Transmutation                5
Comestibles
 d - a bread ration
 h - 2 meat rations


   Skills:
 - Level 1.1 Fighting
 - Level 2.6 Dodging
 + Level 4.0 Unarmed Combat
 - Level 2.0 Spellcasting
 + Level 4.0 Transmutations


You had 3 spell levels left.
You knew the following spells:

 Your Spells              Type           Power        Failure   Level  Hunger
a - Beastly Appendage     Tmut           ##....       4%          1    ##.....
b - Sticks to Snakes      Tmut           ##......     8%          2    ###....


Dungeon Overview and Level Annotations

Branches:
Dungeon (2/15)

Altars:


Message History

Your water moccasin closely misses the jackal.
The kobold hits your water moccasin with a dagger.
The jackal completely misses you.
Your water moccasin bites the jackal!
The jackal dies!
Your horns disappear.
* * * LOW HITPOINT WARNING * * *
You feel sick.
Your water moccasin bites the goblin.
The goblin dies!
Huge Dmg: -4%(-1hp) hp: 4%(1hp)
Your water moccasin barely misses the kobold.
Your water moccasin bites the kobold!
The kobold dies!
Your water moccasin bites the dart slug!
Your water moccasin bites the dart slug.
The dart slug dies!
* * * LOW HITPOINT WARNING * * *
You feel sick.
Huge Dmg: -4%(-1hp) hp: 4%(1hp)
The giant cockroach bites you but does no damage.
You die...

..##..# #
#....##..#
#.#.....# #...#
######..##
..[...#.##########
#####.(.†........#
###).........#
#.....S.s.@#
####.>.......<#
#.............#
#.####.######## ..
#.# ## #.# #.# #.#
#.#


You could see a giant cockroach and a friendly water moccasin.

Vanquished Creatures
  An adder (D:2)
  A dart slug (D:1)
  2 leopard geckos (D:1)
  3 giant cockroaches (D:1)
  A goblin (D:1)
  A hobgoblin (D:1)
  A ball python (D:1)
  2 bats
  3 frilled lizards (D:1)
  3 kobolds (D:1)
  2 rats (D:1)
20 creatures vanquished.

Vanquished Creatures (collateral kills)
  A dart slug (D:2)
  A jackal (D:2)
  A kobold (D:2)
  A goblin (D:2)
4 creatures vanquished.

Grand Total: 24 creatures vanquished

Notes
Turn   | Place    | Note
-------+----------+-------------------------------------------
     0 | D:1      | Monsterracer the Merfolk Transmuter began the quest for the Orb.
     0 | D:1      | Reached XP level 1. HP: 15/15 MP: 3/3
   317 | D:1      | Reached XP level 2. HP: 20/21 MP: 5/5
   321 | D:1      | Learned a level 2 spell: Sticks to Snakes
   444 | D:1      | HP: 10/21 [bat (1)]
   645 | D:1      | HP: 10/21 [leopard gecko (3)]
  1013 | D:2      | HP: 8/21 [adder (4)]
  1018 | D:2      | Reached XP level 3. HP: 5/26 MP: 2/6
  1018 | D:2      | HP: 4/26 [poisoned by an adder]
  1022 | D:2      | HP: 1/26 [poisoned by an adder]
  1030 | D:2      | Succumbed to an adder's poison

Skill      XL: |  1  2 |
---------------+-------+-----
Transmutations | 3 4 |  4.0
Unarmed Combat | 4 |  4.0
Fighting       | |  1.1
Dodging        | |  2.6
Spellcasting   | |  2.0

Action                   || total
-------------------------++-------
Melee: Unarmed           ||    63
       Headbutt          ||     3
 Cast: Beastly Appendage ||     7
       Sticks to Snakes  ||     1
  Use: Potion            ||     1
 Stab: Sleeping          ||     1
Armor: Robe              ||    10
Dodge: Dodged            ||    49
